 Dungeon Crawl Stone Soup version 0.28-a0-691-gad6df49e81 (webtiles) character file.

Game seed: 4801074108847316821

119 ytrimaz the Skirmisher (level 5, -5/42 HPs)
             Began as a Formicid Fighter on Oct 22, 2021.
             Killed by divine providence
             ... invoked by an orc priest
              (15 damage)
             ... on level 3 of the Dungeon.
             The game lasted 00:03:38 (2204 turns).

ytrimaz the Skirmisher (Formicid Fighter)           Turns: 2204, Time: 00:03:38

Health: -5/42      AC:  9    Str: 21    XL:     5   Next: 24%
Magic:  5/5        EV: 11    Int:  8    God:
Gold:   62         SH:  4    Dex: 10    Spells: 4/4 levels left

rFire   . . .      SeeInvis +   a - +0 war axe
rCold   . . .      Faith    .   c - +0 buckler
rNeg    . . .      Spirit   .   f - +3 leather armour
rPois   .          Reflect  .   (helmet unavailable)
rElec   .          Harm     .   (no cloak)
rCorr   .          Rampage  .   h - +2 pair of gloves
Will    .....                   (no boots)
Stlth   +.........              (no amulet)
HPRegen 0.14/turn               (no ring)
MPRegen 0.09/turn               (no ring)

@: no status effects
A: permanent stasis, dig shafts and tunnels, antennae 3, four strong arms
a: Dig, Shaft Self


You were on level 3 of the Dungeon.
You visited 1 branch of the dungeon, and saw 3 of its levels.

You collected 62 gold pieces.

Inventory:

Hand Weapons
 a - a +0 war axe (weapon)
Armour
 c - a +0 buckler (worn)
 f - a +3 leather armour (worn)
 h - a +2 pair of gloves (worn)
Scrolls
 b - a scroll of teleportation {unknown}
 g - a scroll of identify
 i - a scroll of silence {unknown}
Potions
 d - a potion of might
 e - a potion of curing


   Skills:
 + Level 4.1 Fighting
 + Level 3.9 Axes
 + Level 4.0 Armour
 - Level 3.6 Shields


You had 4 spell levels left.
You didn't know any spells.
Your spell library was empty.

Dungeon Overview and Level Annotations

Branches:
Dungeon (3/15)

Altars:

Shops:
D:2 *(

Annotations:
D:3 1 transporter, barkas's ghost, amateur NaAM


Innate Abilities, Weirdness & Mutations

You cannot be hasted, slowed, berserked, paralysed or teleported.
You can dig through walls and to a lower floor.
You have a pair of large antennae on your head. (SInv)
Your four strong arms can wield two-handed weapons with a shield.


Message History

The orc priest calls upon Beogh to heal the orc.
The orc's wounds heal themselves!
The orc priest hits you but does no damage.
The orc barely misses you.
You barely miss the orc priest. You hit the orc.
The orc priest calls down the wrath of Beogh upon you.
Pain shoots through your body! The orc hits you but does no damage.
The orc priest mumbles some strange prayers to Beogh against you.
Beogh smites you!
The orc priest mumbles some strange prayers to Beogh against you.
Pain shoots through your body!
You hit the orc priest.
The orc priest is moderately wounded.
You barely miss the goblin. You hit the orc but do no damage.
The orc hits you but does no damage. You block the goblin's attack.
The orc hits you but does no damage. The goblin hits you but does no damage.
Unknown command.
The orc wizard casts a spell.
The orc wizard flickers and vanishes for a moment.
The orc priest calls down the wrath of Beogh upon you.
Beogh smites you!
* * * LOW HITPOINT WARNING * * *
The orc barely misses you.
The orc priest calls upon Beogh to heal the orc.
The orc's wounds heal themselves!
The orc closely misses you.
You feel better.
The orc priest casts a cantrip, but nothing happens.
The orc barely misses you. The orc closely misses you.
The orc priest looks satisfied for a moment.
You feel better. The orc hits you but does no damage.
The orc priest looks encouraged for a moment.
There is a stone staircase leading down here.
The orc priest mumbles some strange prayers to Beogh against you.
Pain shoots through your body!
* * * LOW HITPOINT WARNING * * *
The orc priest calls upon Beogh to heal the orc priest.
The orc priest's wounds heal themselves!
The orc priest invokes the aid of Beogh against you.
Beogh smites you!
You die...

.......#.......######
.......##...........#
.......o..o.o.#####.#
##....!o.##g#o#### #
.........##.....[##.#
#........####o....#.#
#........###..).....#
#........##..)).o...#
#........##.....@...#
#........##.....<...#
..##########.......##
##.....## ......##
.####### #


You could see 2 orc priests, an orc wizard (invisible), 2 orcs and a goblin.

Vanquished Creatures
  An orc wizard (D:3)
  An adder (D:2)
  A worm (D:2)
  A dart slug (D:2)
  10 orcs (D:3)
  4 ball pythons
  3 endoplasms (D:1)
  4 giant cockroaches
  7 goblins
  4 hobgoblins
  5 jackals
  7 kobolds
  2 quokkas
  4 bats (D:1)
  4 frilled lizards
  8 rats
66 creatures vanquished.

Notes
Turn   | Place    | Note
-------+----------+-------------------------------------------
     0 | D:1      | ytrimaz the Formicid Fighter began the quest for the Orb.
     0 | D:1      | Reached XP level 1. HP: 18/18 MP: 1/1
    93 | D:1      | Reached XP level 2. HP: 11/24 MP: 2/2
   519 | D:1      | Reached XP level 3. HP: 29/30 MP: 3/3
   748 | D:1      | Found a faded altar of an unknown god.
   865 | D:2      | Found Poust's General Store.
  1014 | D:2      | Reached XP level 4. HP: 37/37 MP: 4/4
  1331 | D:2      | Found Vahotyol's Weapon Shoppe.
  1828 | D:3      | Reached XP level 5. HP: 33/42 MP: 5/5
  1955 | D:3      | Found a transporter.
  1955 | D:3      | Noticed barkas's ghost (amateur NaAM)
  2204 | D:3      | Killed from afar by an orc priest

Illustrated notes

Levels and vault maps discovered:
D:1:      erik_arrival_triangle_medium, layout_basic,
          hellmonk_ecumenical_altar_leap_of_faith, minmay_tetromino_s2
D:2:      layout_basic, serial_shops, nicolae_square_shop, shop,
          small_statue_intersection, small_statue_intersection
D:3:      layout_loops_cross, gammafunk_ghost_arena, uniq_sigmund

Skill      XL: |  1  2  3  4 |
---------------+-------------+-----
Axes           | 3 |  3.9
Fighting       | 4 |  4.1
Armour         | 4 |  4.0
Shields        | |  3.6

Action                   |  1- 3 |  4- 6 || total
-------------------------+-------+-------++-------
Melee: War axe           |    93 |    96 ||   189
  Use: Scroll            |     2 |       ||     2
       Potion            |       |     2 ||     2
Armor: Scale mail        |    66 |       ||    66
       Leather armour    |     6 |    56 ||    62
Dodge: Dodged            |    55 |    51 ||   106
Block: Buckler           |    27 |    23 ||    50

Table legend: (Time is in decaauts)
 A = Elapsed time spent in this place.
 B = Non-inter-level travel time spent in this place.
 C = Inter-level travel time spent in this place.
 D = Time resting spent in this place.
 E = Time spent auto-exploring this place.
 F = Levels seen in this place.
 G = Mean time per level.
                   A        B        C        D        E       F      G
               +--------+--------+--------+--------+--------+-----+--------+
         Total |   2269 |   2226 |     43 |      0 |   1645 |   3 |  756.3 |
       Dungeon |   2269 |   2226 |     43 |      0 |   1645 |   3 |  756.3 |
               +--------+--------+--------+--------+--------+-----+--------+

Top non-repeatable levels by time:
     D:2: 981 daAuts
     D:1: 888 daAuts
     D:3: 399 daAuts
